 Dungeon Crawl Stone Soup version 0.32-a0-540-g866d13106e (webtiles) character file.

Game seed: 11225523360674118644

4734 javelincjr the Mimic (level 10, -1/144 HPs)
             Began as a Troll Shapeshifter on Feb 28, 2024.
             Was a Believer of Beogh.
             Slain by a sky beast (5 damage)
             ... on level 8 of the Dungeon.
             The game lasted 00:23:05 (6439 turns).

javelincjr the Mimic (Troll Shapeshifter)           Turns: 6439, Time: 00:23:06

Health: -1/144     AC: 25    Str: 28    XL:     10   Next: 22%
Magic:  12/12      EV:  1    Int:  6    God:    Beogh [**....]
Gold:   537        SH:  0    Dex:  9    Spells: 9/9 levels left

rFire   . .          .
                       - Unarmed
rCold   + . .        (no shield)
rNeg    . . .        a - melded +0 animal skin
rPois   +            (helmet currently unavailable)
rElec   .            B - melded +2 cloak
rCorr   .            (gloves unavailable)
SInv    .            (boots unavailable)
Will    .....        (no amulet)
Stlth   +            j - ring of protection from cold
HPRegen 1.24/turn    (no ring)
MPRegen 0.13/turn

%: no passive effects
@: confused, lethally poisoned (-1 -> -2), tree-form, ambrosia-drunk, on berserk
cooldown, slowed, very slow
A: stationary, stasis, torment immunity, boosted hp, large, unfitting armour,
(claws 3), regeneration 1, (shaggy fur 1), (tough skin 1)
a: Renounce Religion, Smiting


You were on level 8 of the Dungeon.
You worshipped Beogh.
Beogh was pleased with you.
You were a tree.
You visited 1 branch of the dungeon, and saw 8 of its levels.
You also visited: Sewer.

You collected 537 gold pieces.

Inventory:

Hand Weapons
 h - a +0 giant club
 l - a +0 sling
 o - a +2 quarterstaff of chaos
 H - the +1 dagger "Nuihu" {freeze, ^Fragile rPois rN++}
   (You found it on level 8 of the Dungeon)

   rPois:     It protects you from poison rN++: It greatly protects you from
   negative energy.
   ^Fragile:  It will be destroyed if unequipped.
Missiles
 k - 70 stones (quivered)
 t - 4 boomerangs
 w - 27 poisoned darts
 E - 6 silver javelins
Armour
 a - a +0 animal skin (melded)
 B - a +2 cloak (melded)
Jewellery
 j - a ring of protection from cold (left branch)
Talismans
 c - a beast talisman
 d - a flux talisman (active)
 y - a blade talisman
Wands
 v - a wand of roots (28)
 C - a wand of acid (13)
 D - a wand of polymorph (11)
Scrolls
 e - 3 scrolls of teleportation
 i - 3 scrolls of enchant weapon
 u - a scroll of brand weapon {unknown}
 x - 2 scrolls of noise {unknown}
 F - a scroll of fear
 G - a scroll of torment {unknown}
Potions
 f - a potion of experience {unknown}
 g - 4 potions of might
 m - a potion of ambrosia
 n - 3 potions of resistance
 p - a potion of curing {unknown}
 q - a potion of berserk rage
 r - a potion of magic
 s - 2 potions of haste
 z - a potion of cancellation
 A - 2 potions of brilliance


   Skills:
 + Level 5.3 Fighting
 + Level 5.5 Dodging
 + Level 7.0 Unarmed Combat
 + Level 4.0 Invocations
 * Level 9.0 Shapeshifting


You had 9 spell levels left.
You didn't know any spells.
Your spell library contained the following spells:

 Spells                   Type           Power      Damage    Failure   Level
 Jinxbite                 Hex            0%         N/A       58%         2
 Searing Ray              Conj           0%         2d4       58%         2
 Hailstorm                Conj/Ice       0%         3d5       83%         3
 Summon Ice Beast         Ice/Summ       0%         N/A       83%         3
 Anguish                  Hex/Necr       0%         N/A       99%         4
 Cause Fear               Hex            0%         N/A       99%         4
 Iskenderun's Mystic Bla  Conj/Tloc      0%         2d3       99%         4
 Sculpt Simulacrum        Ice/Alch       0%         N/A       100%        6
 Enfeeble                 Hex            0%         N/A       100%        7


Dungeon Overview and Level Annotations

Branches:
Dungeon (8/15)             Temple (0/1) D:4           Sewer (visited)
   Lair: D:8-11

Altars:
Ashenzari
Cheibriados
Dithmenos
Elyvilon
Gozag

Annotations:
D:8 2 transporters, TheLasagnaBaron's ghost, novice MiMo


Innate Abilities, Weirdness & Mutations

You are a tree.
Your roots penetrate the ground, keeping you stationary.
You cannot be teleported.
You are immune to unholy pain and torment.
Your maximum health is greatly increased.
Your equipment is partially melded.
Your facial features look somewhat orcish.
You are too large for most types of armour.
((You have claws for hands.))
Your natural rate of healing is unusually fast.
((You are covered in fur. (AC +1)))
((You have tough skin. (AC +1)))


Message History

You feel a strong urge to attack something.
You feel sick.
You feel sick. The killer bee closely misses you. The killer bee stings you.
* * * LOW HITPOINT WARNING * * *
You are more poisoned.
The killer bee poisons you! The killer bee misses you.
You feel your anger nearly subside.
You are no longer berserk.
You are exhausted.
You feel yourself slow down.
* * * LOW HITPOINT WARNING * * *
You feel very sick. The killer bee stings you.
* * * LOW HITPOINT WARNING * * *
The killer bee completely misses you. The killer bee barely misses you. x2
You are confused.
You feel invigorated.
* * * LOW HITPOINT WARNING * * *
You feel very sick. The killer bee completely misses you.
The killer bee misses you. The killer bee completely misses you.
The killer bee barely misses you. The killer bee completely misses you.
The killer bee barely misses you.
Your transformation has ended.
Your +0 animal skin unmelds from your body.
You turn into a tree.
Your +2 cloak melds into your body.
Your +0 animal skin melds into your body.
Your roots penetrate the ground.
You feel very sick. The killer bee stings you.
* * * LOW HITPOINT WARNING * * *
The killer bee stings you but does no damage.
The sky beast hits you but does no damage.
The killer bee stings you but does no damage.
The killer bee stings you.
* * * LOW HITPOINT WARNING * * *
The sky beast flickers out of sight!
Deactivating autopickup; reactivate with Ctrl-A.
Something hits you.
* * * LOW HITPOINT WARNING * * *
Something shocks you.
You die...

.... ......#......#.... #...
#....##......#...# ##...
##....#.....###...#
......#.....#.....#......
......#.....#.....#......
......'.....#.....'......
......#yy########.#...... .....
#y{#......#.#...... +##...
#y♣#.#.##.#.#......
..###+####.'.#.#..'.#....## .
...........'..#)#.'.####### .
...........#.##.#.#.#.....# .
...........#......#.#.....# .
...........########.#.....'
##+##..................###'###
####...#.........###'#...........
.......#.........#...#...........


You could see 4 killer bees.

Vanquished Creatures
  Pikel (D:7)
  Maurice (D:7)
  A hornet (D:8)
  A wyvern (D:8)
  5 yaks (D:8)
  Duvessa (D:6)
  A sky beast (D:7)
  Pargi (Sewer)
  2 black bears (D:6)
  2 ice beasts
  3 ogres
  A centaur (D:8)
  A lemure (D:7)
  2 phantoms (D:4)
  A kobold brigand (D:8)
  2 bullfrogs
  A brain worm (Sewer)
  5 scorpions
  4 wights (D:8)
  Dowan (D:6)
  2 killer bees (D:8)
  3 bombardier beetles
  2 howler monkeys (D:5)
  A gnoll bouda (D:8)
  An orc priest (D:7)
  A hound (D:6)
  2 jellies (D:5)
  A sleepcap (D:7)
  Terence (D:2)
  2 orc wizards
  Crazy Yiuf (D:2)
  6 iguanas
  9 gnolls
  5 adders
  A white imp (D:7)
  4 ufetubi
  4 dart slugs
  12 orcs
  5 ball pythons
  5 endoplasms
  4 giant cockroaches
  5 goblins
  4 hobgoblins
  10 jackals
  4 quokkas
  10 bats
  3 frilled lizards
  7 kobolds
  6 rats
158 creatures vanquished.

Vanquished Creatures (others)
  An orc (D:7)
1 creature vanquished.

Grand Total: 159 creatures vanquished

Notes
Turn   | Place    | Note
-------+----------+-------------------------------------------
     0 | D:1      | javelincjr the Troll Shapeshifter began the quest for the
                  | Orb.
     0 | D:1      | Reached XP level 1. HP: 18/18 MP: 0/0
   309 | D:1      | Reached skill level 1 in Fighting
   319 | D:1      | Reached XP level 2. HP: 27/27 MP: 1/1
   633 | D:1      | Reached XP level 3. HP: 33/33 MP: 2/2
  1228 | D:2      | Found a faded altar of an unknown god.
  1321 | D:2      | Noticed Terence
  1328 | D:2      | Killed Terence
  1329 | D:2      | Reached XP level 4. HP: 32/41 MP: 3/3
  1464 | D:2      | Found a runed translucent door.
  1465 | D:2      | Noticed Crazy Yiuf
  1470 | D:2      | Killed Crazy Yiuf
  1471 | D:2      | Reached skill level 4 in Shapeshifting
  1700 | D:3      | Reached XP level 5. HP: 23/49 MP: 4/4
  2176 | D:4      | Noticed an ogre
  2183 | D:4      | Killed an ogre
  2184 | D:4      | Reached XP level 6. HP: 57/57 MP: 5/5
  2238 | D:4      | Became a worshipper of Beogh the Shepherd
  2266 | D:4      | Reached skill level 5 in Shapeshifting
  2324 | D:4      | Found a glowing drain.
  2342 | D:4      | Reached XP level 7. HP: 64/66 MP: 6/6
  2354 | Sewer    | Entered a sewer
  2392 | Sewer    | Noticed Pargi
  2402 | Sewer    | Killed Pargi
  2776 | D:4      | Reached skill level 5 in Unarmed Combat
  2776 | D:4      | Reached skill level 6 in Shapeshifting
  2781 | D:4      | Found a staircase to the Ecumenical Temple.
  3062 | D:5      | Entered Level 5 of the Dungeon
  3115 | D:5      | Reached XP level 8. HP: 62/75 MP: 7/7
  3220 | D:5      | Reached * piety under Beogh
  3881 | D:6      | Found a snail-covered altar of Cheibriados.
  4068 | D:6      | Found an opulent altar of Gozag.
  4091 | D:6      | Reached skill level 1 in Invocations
  4523 | D:6      | Found a white marble altar of Elyvilon.
  4694 | D:7      | Noticed Maurice
  4695 | D:7      | Noticed Duvessa
  4695 | D:7      | Noticed Dowan
  4699 | D:7      | Maurice stole a blade talisman
  4700 | D:7      | Maurice stole a +2 quarterstaff of chaos
  4702 | D:7      | Maurice stole 8 poisoned darts
  4715 | D:6      | Killed Duvessa
  4716 | D:6      | Reached skill level 7 in Shapeshifting
  4758 | D:6      | Killed Dowan
  4830 | D:7      | Maurice stole 380 gold
  4834 | D:7      | Killed Maurice
  4835 | D:7      | Reached XP level 9. HP: 52/84 MP: 2/9
  4894 | D:7      | Got the Volume of Energetic Obstruction
  4940 | D:7      | Found a broken altar of Ashenzari.
  4963 | D:7      | Found a shadowy altar of Dithmenos.
  5035 | D:7      | Noticed Pikel
  5069 | D:7      | Killed Pikel
  5115 | D:7      | Reached skill level 8 in Shapeshifting
  5653 | D:8      | Paralysed by a hornet for 3 turns
  5659 | D:8      | Reached skill level 5 in Dodging
  5759 | D:8      | Reached ** piety under Beogh
  5839 | D:8      | Reached skill level 5 in Fighting
  5894 | D:8      | Noticed TheLasagnaBaron's ghost (novice MiMo)
  5969 | D:8      | Found a transporter.
  6048 | D:8      | Reached XP level 10. HP: 94/96 MP: 11/11
  6158 | D:8      | Found a transporter.
  6310 | D:8      | Identified the +1 dagger "Nuihu" {freeze, ^Fragile rPois
                  | rN++}
  6427 | D:8      | Reached skill level 9 in Shapeshifting
  6437 | D:8      | HP: 3/96 [killer bee (2)]
  6439 | D:8      | Slain by a sky beast

Illustrated notes

Levels and vault maps discovered:
D:1:      roadster_arrival_rocket_large, layout_loops_corners,
          chequers_serial_rivers_micro_b, corexii_leaking_fountain,
          ebering_dispersal_statue_hall
D:2:      layout_basic, chequers_ecumenical_altar_island, uniq_terence,
          uniq_crazy_yiuf_cottage
D:3:      layout_rooms, reono_crystal_passage, minmay_ruptured
D:4:      layout_loops_ring, minmay_temple_entry_antechambers,
          gup_sewer_entry_glass
D:5:      layout_basic
D:6:      layout_loops_corners, elyvilon_altar_3, lemuel_crystal_altar,
          kennysheep_slug_shrine, minmay_between
D:7:      layout_cave_pods, mainiacjoe_overflow_catch_the_wave, uniq_duvessa,
          uniq_pikel, uniq_maurice
D:8:      layout_gridville, minitemple, gammafunk_ghost_hive,
          kennysheep_generic_room_12, uniq_joseph

Skill      XL: |  1  2  3  4  5  6  7  8  9 10 |
---------------+-------------------------------+-----
Fighting       | 1 2 3 4 5 |  5.3
Dodging        | 2 3 4 5 |  5.5
Shapeshifting  | 4 5 6 7 8 9 |  9.0
Unarmed Combat | 4 5 6 7 |  7.0
Invocations    | 2 3 4 |  4.0

Action                     |  1- 3 |  4- 6 |  7- 9 | 10-12 || total
---------------------------+-------+-------+-------+-------++-------
  Melee: Unarmed           |    76 |    82 |   299 |    51 ||   508
         Punch             |     2 |     3 |     2 |       ||     7
  Throw: Stone             |     4 |       |       |       ||     4
 Invoke: Convert to Beogh  |       |     1 |       |       ||     1
    Use: Scroll            |       |     5 |     6 |       ||    11
         Potion            |       |     2 |       |     3 ||     5
   Stab: Sleeping          |       |       |     2 |       ||     2
 Armour: Animal skin       |    45 |    43 |    84 |       ||   172
         Skin              |       |       |   120 |    55 ||   175
  Dodge: Dodged            |    33 |    35 |   174 |    73 ||   315
   Form: Flux              |       |       |     1 |       ||     1

Table legend: (Time is in decaauts)
 A = Elapsed time spent in this place.
 B = Non-inter-level travel time spent in this place.
 C = Inter-level travel time spent in this place.
 D = Time resting spent in this place.
 E = Time spent auto-exploring this place.
 F = Levels seen in this place.
 G = Mean time per level.
                   A        B        C        D        E       F      G
               +--------+--------+--------+--------+--------+-----+--------+
         Total |   6398 |   6141 |    257 |     86 |   4669 |   9 |  710.9 |
       Dungeon |   6300 |   6043 |    257 |     86 |   4638 |   8 |  787.5 |
         Sewer |     98 |     98 |      0 |      0 |     31 |   1 |   98.0 |
               +--------+--------+--------+--------+--------+-----+--------+

Top non-repeatable levels by time:
     D:1: 1091 daAuts
     D:6: 965 daAuts
     D:4: 847 daAuts
     D:7: 828 daAuts
     D:8: 779 daAuts
     D:5: 775 daAuts
     D:2: 567 daAuts
     D:3: 444 daAuts
   Sewer: 98 daAuts
